 Dungeon Crawl Stone Soup version 0.18-a0-1535-g243bd92 (webtiles) character file.

1585077 Leszczynek the Merfolkian Porcupine (level 27, 249/249 HPs)
             Began as a Merfolk Enchanter on Mar 8, 2016.
             Was an Initiate of Gozag.
             Escaped with the Orb
             ... and 3 runes on Mar 9, 2016!
             The game lasted 07:23:13 (90372 turns).

Leszczynek the Merfolkian Porcupine (MfEn)         Turns: 90372, Time: 07:23:13

Health: 249/249    AC: 25    Str:  8    XL:     27
Magic:  36/36      EV: 37    Int: 25    God:    Gozag
Gold:   8960       SH:  0    Dex: 24    Spells: 8 memorised, 16 levels left

rFire  + + +     SeeInvis +     a - +9 bardiche (vamp)
rCold  + + .     Gourm    .     S - +2 leather armour of Mental Paralysis {rC+ Int+2 SInv}
rNeg   + + .     Faith    .     (shield currently unavailable)
rPois  +         Spirit   +     F - +2 helmet "Jucoop" {rPois rF+ MR++ Str-5} (curse)
rElec  +         Dismiss  .     W - +2 cloak of the Commoners {rElec rF+++ rC- Stlth+}
rCorr  .         Reflect  .     s - +2 pair of gloves "Uqailyw" {rC+ Dex+3 SInv}
SustAt .         Harm     .     t - +3 pair of boots of the Sun {Dex+4}
MR     ++++.                    V - amulet of Bogidd {Spirit rN+ Int+6}
Stlth  +++.......               c - +5 ring of slaying
                                X - ring "Cunoi" {+Inv rF+ rC+ rN+}

@: very slightly contaminated, deflect missiles, incredibly resistant to hostile
enchantments, fairly stealthy
A: change form in water, swift swim, rough black scales 1, clumsy 1
a: Potion Petition, Call Merchant, Bribe Branch, Renounce Religion, Evoke
Invisibility
0: Orb of Zot
}: 3/15 runes: silver, golden, abyssal


You escaped.
You worshipped Gozag.
Gozag was noncommittal.
You were not hungry.

You visited 10 branches of the dungeon, and saw 44 of its levels.
You visited the Abyss 1 time.
You also visited: Labyrinth and Ossuary.

You collected 35326 gold pieces.
You spent 15544 gold pieces at shops.
You paid 10822 gold pieces to Gozag.

Inventory:

Hand Weapons
 a - a +9 vampiric bardiche (weapon)
Missiles
 C - 4 throwing nets (quivered)
Armour
 s - the +2 pair of gloves "Uqailyw" (worn) {rC+ Dex+3 SInv}
   (You bought it in a shop on level 2 of the Orcish Mines)

   It affects your dexterity (+3).
   It protects you from cold.
   It lets you see invisible.
 t - the +3 pair of boots of the Sun (worn) {Dex+4}
   (You bought it in a shop on level 12 of the Dungeon)

   It affects your dexterity (+4).
 F - the cursed +2 helmet "Jucoop" (worn) {rPois rF+ MR++ Str-5}
   (You bought it in a shop on level 12 of the Dungeon)

   It affects your strength (-5).
   It protects you from fire.
   It protects you from poison.
   It affects your resistance to hostile enchantments.
   It has a curse placed upon it.
 S - the +2 leather armour of Mental Paralysis (worn) {rC+ Int+2 SInv}
   (You bought it in a shop on level 11 of the Dungeon)

   It affects your intelligence (+2).
   It protects you from cold.
   It lets you see invisible.
 W - the +2 cloak of the Commoners (worn) {rElec rF+++ rC- Stlth+}
   (You bought it in a shop on level 12 of the Dungeon)

   It renders you almost immune to fire.
   It makes you vulnerable to cold.
   It insulates you from electricity.
   It makes you more stealthy.
Jewellery
 c - a +5 ring of slaying (right hand)
 G - an uncursed ring of resist corrosion
 Q - the ring of Interdependent Arising {SustAt Dex+3}
   (You found it on level 2 of the Depths)

   [ring of sustain attributes]

   It sustains your strength, intelligence and dexterity.
   It affects your dexterity (+3).
 V - the amulet of Bogidd (around neck) {Spirit rN+ Int+6}
   (You bought it in a shop on level 12 of the Dungeon)

   [amulet of guardian spirit]

   It causes incoming damage to be split between your health and magic.
   It affects your intelligence (+6).
   It protects you from negative energy.
 X - the ring "Cunoi" (left hand) {+Inv rF+ rC+ rN+}
   (You took it off an ancient champion on level 3 of the Crypt)

   [ring of positive energy]

   It protects you from fire.
   It protects you from cold.
   It protects you from negative energy.
   It lets you turn invisible.
Wands
 b - a wand of disintegration (10/24)
 k - a wand of heal wounds (7/9)
 p - a wand of disintegration (14/24)
 u - a wand of digging (10/24)
 B - a wand of iceblast (5/15)
 D - a wand of teleportation (6/9)
 H - a wand of acid (3/15)
 I - a wand of iceblast (6/15)
 M - a wand of hasting (5/9)
 T - a wand of paralysis (14/24)
 Z - a wand of acid (7/15)
Scrolls
 d - 9 scrolls of fog
 j - 17 scrolls of teleportation
 m - 14 scrolls of remove curse
 n - 10 scrolls of fear
 q - 8 scrolls of recharging
 w - 2 scrolls of magic mapping
 L - a scroll of blinking
 O - 14 scrolls of identify
 R - a scroll of summoning
Potions
 e - 3 potions of flight
 f - 2 potions of magic
 i - 2 potions of heal wounds
 l - 6 potions of might
 r - 7 potions of agility
 v - 3 potions of cancellation
 x - 11 potions of curing
 A - 2 potions of berserk rage
 E - 4 potions of cure mutation
 J - 4 potions of invisibility
 N - 4 potions of resistance
 P - a potion of haste
Miscellaneous
 g - a disc of storms
 h - a box of beasts {used: 1}
 o - a phial of floods
 y - a fan of gales (inert)
 U - a lamp of fire
 Y - a legendary deck of defence {the Elixir, drawn: 3}
Comestibles
 K - 15 meat rations


   Skills:
 O Level 27 Fighting
   Level 1.2 Short Blades
 O Level 27 Polearms
 - Level 12.4 Armour
 O Level 27 Dodging
 + Level 17.0 Stealth
 - Level 9.5 Spellcasting
 - Level 3.0 Hexes
 - Level 12.8 Charms
 - Level 5.1 Summonings
 - Level 13.1 Air Magic
 - Level 19.5 Evocations


You had 16 spell levels left.
You knew the following spells:

 Your Spells              Type           Power        Failure   Level  Hunger
a - Corona                Hex            ####...      1%          1    None
b - Confuse               Hex            ####....     8%          3    None
c - Tukima's Dance        Hex            ####....     8%          3    None
d - Haste                 Chrm           ######..     6%          6    ######.
e - Deflect Missiles      Chrm/Air       ######....   6%          6    ######.
f - Apportation           Tloc           ##........   10%         1    None
g - Summon Butterflies    Summ           #####...     1%          1    None
h - Death's Door          Chrm/Necr      #####.....   100%        8    #######


Dungeon Overview and Level Annotations

Branches:
Dungeon (15/15)            Temple (0/1) D:4            Lair (0/8) D:10
    Orc (2/2) D:10            Elf (3/3) Orc:2        Vaults (5/5) D:14
  Crypt (3/3) Vaults:2       Tomb (3/3) Crypt:3      Depths (5/5) D:15
   Hell (1/1)                 Dis (0/7) Hell            Geh (0/7) Hell
    Coc (0/7) Hell            Tar (2/7) Hell            Zot (5/5) Depths:5

Altars:
Ashenzari
Elyvilon
Gozag
Kikubaaqudgha
Makhleb
Nemelex Xobeh
Qazlal
Ru
Vehumet
Yredelemnul
Zin
The Shining One
Lugonu

Shops:
D:5 *   D:7 *   D:11 [   D:12 [=   D:13 }   D:15 %   Orc:2 (![(   Elf:2 ?
Vaults:1 ?   Vaults:2 =   Vaults:4 ?   Vaults:5 ?%!!?%%[=[   Depths:2 }
Depths:5 [

Portals:
Hell: Depths:1 Depths:2 Depths:3 Depths:4 Depths:5
Abyss: Depths:2 Depths:3 Depths:4 Depths:5
Pandemonium: Depths:2 Depths:3
Ziggurat: Depths:5
Trove: Elf:2 (give +7 demon whip)

Annotations:
D:4 Mulkerokala's ghost, amateur FeFi
D:7 1 runed door
D:10 exclusion: downstairs
Elf:2 5 runed doors
Crypt:3 exclusion: door
Depths:4 juggernaut in the vault
Zot:1 exclusions: draconian annihilator and draconian knight
Zot:3 exclusion: upstairs


Innate Abilities, Weirdness & Mutations

You revert to your normal form in water.
You are very nimble and swift while swimming.
You are partially covered in rough black scales (AC +4, Dex -1).
You are clumsy. (Dex -2)


Message History

(E) Elven Halls (V) Vaults (C) Crypt (W) Tomb (U) Depths (H) Hell (I) Dis (G) Gehenna (X) Cocytus (Y) Tartarus (Z) Zot
Where to? (Enter - D:1 @ (x,y), ? - help)
The goblin is too close now for your liking.
The goblin shouts!
You slice the goblin!!
You feel better.
You kill the goblin!
No target in view!
No target in view!
You now have 8960 gold pieces (gained 8).
(D) Dungeon (T) Temple (L) Lair (O) Orcish Mines (E) Elven Halls (V) Vaults (C) Crypt (W) Tomb (U) Depths (H) Hell (I) Dis (G) Gehenna (X) Cocytus (Y) Tartarus (Z) Zot
Where to? (Enter - D:1 @ (x,y), ? - help) HP restored.
There is an open door here.
There is a staircase leading out of the dungeon here.
You have escaped!

################.#
###'### ##≈♣.♣≈##
#≈≈♣.♣≈≈#
#≈≈♣.♣≈≈#
#≈♣...♣≈#
#♣.....♣# #.#.#.#
###@### ###


There were no monsters in sight!

Vanquished Creatures
  8 ancient liches
  Mennas (Depths:4)
  7 orbs of fire (Zot:5)
  Mara (Tomb:2)
  27 greater mummies
  Sojobo (Depths:4)
  Frederick (Vaults:5)
  Saint Roka (Elf:3)
  3 Killer Klowns (Zot:5)
  7 golden dragons
  Jory (Vaults:5)
  8 bone dragons
  3 pandemonium lords
  3 electric golems (Zot:5)
  A doom hound (Tar:1)
  7 liches
  21 tentacled monstrosities
  27 Orb Guardians
  10 titans
  2 deep elf blademasters (Elf:3)
  5 ancient champions
  A sphinx (shapeshifter) (D:15)
  2 deep elf master archers (Elf:3)
  3 quicksilver dragons
  2 tentacled starspawn (Abyss:3)
  Gastronok (D:9)
  3 sphinxes
  7 death cobs
  14 storm dragons
  2 draconian monks
  5 tengu reavers
  10 shadow dragons
  Wiglaf (Depths:3)
  2 revenants
  3 ghost moths
  Louise (Depths:3)
  20 frost giants
  2 balrugs
  26 fire giants
  7 deep elf sorcerers
  4 draconian scorchers
  20 vault wardens
  2 draconian knights (Zot:3)
  A draconian zealot (Zot:1)
  A draconian shifter (Zot:1)
  5 deep elf elementalists
  13 ironheart preservers
  4 spriggan defenders
  7 reapers
  3 ghouls
  5 war gargoyles
  16 very ugly things
  A salamander stormcaller (Vaults:3)
  10 deep elf demonologists
  22 stone giants
  3 green draconians (Zot:3)
  5 vampire knights
  7 black draconians
  Nessos (Orc:2)
  10 bennus
  6 white draconians
  6 yellow draconians
  6 deep elf annihilators (Elf:3)
  3 purple draconians
  4 mottled draconians
  4 red draconians
  A spark wasp (Depths:4)
  A merfolk javelineer (Depths:5)
  2 blizzard demons (Hell)
  6 deep elf death magi
  A quicksilver dragon zombie (Abyss:3)
  A minotaur (Lab)
  22 yaktaur captains
  2 jiangshi (Crypt:3)
  21 ettins
  27 mummy priests
  20 fire dragons
  30 vault guards
  3 rakshasas
  5 entropy weavers
  7 deep elf high priests
  10 great orbs of eyes
  16 ice dragons
  A naga warrior (Abyss:3)
  2 hydras
  An anaconda (shapeshifter) (Depths:1)
  6 spriggan air magi
  8 centaur warriors
  7 vampire magi
  3 death knights
  21 ogre magi
  12 deep troll shamans
  12 tengu warriors
  A satyr (shapeshifter) (Vaults:5)
  An orc high priest (Elf:1)
  16 deep troll earth magi
  A thrashing horror (Abyss:3)
  3 hell hogs (Hell)
  5 spriggan berserkers
  5 spriggans
  3 wretched stars (Abyss:3)
  17 deep elf knights
  2 soul eaters
  2 sun demons
  3 iron trolls (Depths:5)
  3 shadow wraiths
  4 wizards
  A fire crab (Vaults:1)
  14 hell knights
  48 skeletal warriors
  A ghost moth zombie (Crypt:3)
  32 death scarabs
  7 spatial maelstroms (Abyss:3)
  A giant orange brain (shapeshifter) (Depths:4)
  5 unseen horrors
  A shadow demon (Hell)
  55 deep trolls
  11 hill giants
  2 starcursed masses (Abyss:3)
  6 giant orange brains
  4 flayed ghosts
  7 phantasmal warriors
  22 ironbrand convokers
  17 deep elf archers
  4 anaconda skeletons
  A shadow dragon zombie (Tomb:3)
  3 orc sorcerers
  A wolf spider zombie (Crypt:3)
  A harpy (shapeshifter) (Depths:5)
  9 necromancers
  11 orc knights
  30 anubis guards
  7 griffons
  53 ugly things
  A harpy (Elf:3)
  47 deep elf magi
  A hornet (shapeshifter) (D:15)
  3 sixfirhies
  An orb spider (shapeshifter) (Abyss:3)
  5 manticores
  6 wolf spiders
  A worldbinder (Abyss:2)
  A salamander (shapeshifter) (Depths:2)
  8 cyclopes
  An elephant (shapeshifter) (Depths:1)
  4 stone giant zombies
  A fire giant zombie (Crypt:3)
  3 hornets
  A rust devil (Hell)
  A guardian serpent (Abyss:3)
  An iron dragon skeleton (Crypt:3)
  2 salamanders
  An elephant (D:10)
  A human skeleton (Vaults:4)
  An ice statue (Hell)
  6 centaur zombies
  14 vault sentinels
  3 guardian serpents (shapeshifter)
  17 moths of wrath
  Maurice (Orc:1)
  2 smoke demons
  2 molten gargoyles (Hell)
  An orange demon (Zot:2)
  An eye of devastation (shapeshifter) (D:15)
  3 stone giant skeletons
  9 fire giant skeletons (Crypt:3)
  5 gargoyles
  6 large abominations
  A yaktaur zombie (Vaults:4)
  4 kobold demonologists
  2 hellions
  3 spiny frogs (shapeshifter)
  A shock serpent skeleton (Crypt:3)
  An emperor scorpion zombie (Crypt:3)
  A komodo dragon (D:11)
  59 yaktaurs
  2 efreet
  A grey draconian zombie (Crypt:2)
  A redback zombie (D:14)
  8 freezing wraiths
  A spriggan zombie (Depths:1)
  A yaktaur skeleton (Vaults:4)
  32 guardian mummies
  An ice devil (Hell)
  A silent spectre (Tar:1)
  2 jumping spiders (Depths:3)
  A red devil (Depths:5)
  4 ancient zymes (Abyss:3)
  2 hellwings
  39 two-headed ogres
  9 trolls
  2 jumping spiders (shapeshifter)
  8 tengu conjurers
  A two-headed ogre (shapeshifter) (Elf:2)
  A merfolk (D:12)
  The ghost of Shredu92 the Gusty, a novice VSAE (Ossuary)
  A bog body (Crypt:1)
  A queen bee (shapeshifter) (Depths:3)
  A fire dragon zombie (Tomb:2)
  9 raiju (Abyss:3)
  2 wind drakes (shapeshifter)
  73 slime creatures
  2 deep troll zombies
  An ettin zombie (Crypt:3)
  8 boulder beetles
  A snapping turtle (shapeshifter) (Depths:5)
  9 ushabtiu
  2 alligator zombies (Hell)
  3 hydra skeletons
  6 flying skulls (Tomb:1)
  An ettin skeleton (Crypt:3)
  A centaur simulacrum (D:15)
  7 fire dragon skeletons (Crypt:3)
  7 water elementals
  7 vampires
  2 tarantellas (shapeshifter)
  17 air elementals
  3 wyverns
  15 redbacks
  An alligator skeleton (Tomb:1)
  An ice dragon skeleton (Depths:1)
  16 yaks
  6 wraiths
  4 fire elementals
  A spriggan (shapeshifter) (Vaults:3)
  A ynoxinul (Abyss:3)
  6 shadows
  12 small abominations
  2 hippogriffs (shapeshifter)
  A human (shapeshifter) (D:13)
  19 vampire mosquitoes
  3 hippogriffs
  5 golden eyes (Abyss:3)
  2 steam dragons
  5 hungry ghosts
  A basilisk (D:15)
  A basilisk (shapeshifter) (Vaults:2)
  8 chaos spawn
  3 neqoxecs
  2 spatial vortices (Abyss:3)
  2 mottled dragons
  2 soldier ants
  2 wargs
  8 hell hounds
  A water moccasin (D:10)
  A water moccasin (shapeshifter) (D:11)
  2 spiny frog zombies (Hell)
  4 ice beasts
  19 orc warriors
  6 wasps
  6 sky beasts
  A gelid demonspawn skeleton (Crypt:2)
  4 phantoms
  A swamp drake (D:10)
  A sky beast (shapeshifter) (Depths:1)
  2 snapping turtle zombies
  A black bear (shapeshifter) (Vaults:4)
  3 eyes of draining
  7 black bears
  83 ogres
  A spiny frog skeleton (Hell)
  5 necrophages
  An ogre (shapeshifter) (D:13)
  24 boggarts
  An eye of draining (shapeshifter) (Depths:4)
  16 centaurs
  A swamp dragon skeleton (Crypt:3)
  2 crocodiles
  2 elf zombies
  5 big kobolds
  7 giant frogs
  A spiny frog simulacrum (Hell)
  A water moccasin zombie (D:6)
  2 wyvern skeletons
  10 killer bees
  3 scorpions
  16 wights
  8 howler monkeys
  7 crimson imps
  5 hounds
  3 giant frog zombies
  5 human zombies
  2 quasits
  9 orc priests
  3 giant frog skeletons
  3 centaur skeletons
  11 jellies
  22 orc wizards
  An iron imp (Depths:1)
  A worker ant (shapeshifter) (Vaults:5)
  2 iguanas
  8 hell rats
  9 worker ants
  A porcupine skeleton (Crypt:2)
  6 sheep
  A naga zombie (Crypt:3)
  A big kobold skeleton (Crypt:1)
  A dwarf skeleton (Crypt:2)
  A felid skeleton (Crypt:2)
  2 hound zombies (Ossuary)
  A hound skeleton (D:6)
  41 mummies
  A howler monkey zombie (D:9)
  A worker ant zombie (D:7)
  19 adders
  A howler monkey skeleton (D:10)
  7 shadow imps
  A white imp (D:1)
  An ufetubus (Depths:1)
  An ooze (D:2)
  5 adder zombies
  4 worms (D:3)
  2 dart slugs
  12 giant geckos
  81 orcs
  6 giant cockroaches
  A gnoll zombie (Ossuary)
  10 goblins
  14 hobgoblins
  15 jackals
  4 quokkas
  A ball python (D:1)
  8 bats
  A giant cockroach zombie (D:5)
  4 giant newts
  3 goblin zombies (Ossuary)
  3 hobgoblin zombies (Ossuary)
  5 jackal zombies (Ossuary)
  18 kobolds
  8 kobold zombies (Ossuary)
  4 quokka zombies (Ossuary)
  7 rats
  A fungus (Elf:2)
  2 lost souls (Crypt:3)
2383 creatures vanquished.

Vanquished Creatures (collateral kills)
  A greater mummy (Tomb:1)
  Geryon (Hell)
  A doom hound (Hell)
  A titan (Depths:2)
  A Shadow Fiend (Hell)
  A blizzard demon (Hell)
  A mummy priest (Tomb:1)
  A dancing weapon (Elf:2)
  A soul eater (Hell)
  A hell hog (Hell)
  A skeletal warrior (Tomb:1)
  A deep troll (Depths:1)
  An anubis guard (Tomb:1)
  A molten gargoyle (Hell)
  A freezing wraith (Hell)
  A guardian mummy (Tomb:2)
  Sigmund (D:4)
  2 spriggans (Depths:5)
  2 fire elementals (Hell)
  A chaos spawn (Zot:5)
  A spiny frog zombie (Hell)
  A spiny frog skeleton (Hell)
  2 wasps (Depths:5)
  Blork the orc (D:4)
  6 hell rats (Hell)
  7 mummies
40 creatures vanquished.

Vanquished Creatures (others)
  An ancient lich (Zot:5)
  A greater mummy (Tomb:1)
  An eldritch tentacle (Vaults:5)
  7 sphinxes (Tomb:1)
  A revenant (Tomb:1)
  A deep elf sorcerer (Vaults:5)
  A draconian zealot (Zot:3)
  2 draconian scorchers
  3 deep elf elementalists
  2 deep elf annihilators (Elf:3)
  4 bennus
  5 mummy priests
  2 deep elf high priests (Elf:3)
  An ice dragon (Depths:5)
  A spriggan air mage (Depths:2)
  A death knight (Vaults:4)
  6 death scarabs
  A golden dragon zombie (Tomb:2)
  7 anubis guards
  A deep elf mage (Elf:2)
  A moth of wrath (Zot:5)
  A frost giant skeleton (Tomb:1)
  A fire giant skeleton (Tomb:2)
  A dire elephant skeleton (Tomb:2)
  2 yaktaurs
  A hellwing (Zot:5)
  A hydra zombie (Tomb:2)
  8 guardian mummies
  2 ushabtiu (Tomb:1)
  17 flying skulls
  A water elemental (Elf:3)
  22 dancing weapons
  A merfolk zombie (Tomb:2)
  A hell hound (Tar:1)
  An ogre (Vaults:5)
  A wight (Abyss:3)
  A crimson imp (Zot:5)
  A sheep (D:15)
  An ogre zombie (Tomb:2)
  17 mummies
  An orc (D:10)
  108 eldritch tentacle segments (Vaults:5)
  A fungus (Elf:2)
  2 lost souls
  10 plants
  2 starspawn tentacles (Abyss:3)
  4 starspawn tentacle segments (Abyss:3)
  6 withered plants (Crypt:3)
265 creatures vanquished.

Grand Total: 2688 creatures vanquished

Notes
Turn   | Place    | Note
--------------------------------------------------------------
     0 | D:1      | Leszczynek the Merfolk Enchanter began the quest for the Orb.
     0 | D:1      | Reached XP level 1. HP: 13/13 MP: 3/3
   232 | D:1      | Reached XP level 2. HP: 19/19 MP: 5/5
  1397 | D:2      | Reached XP level 3. HP: 24/24 MP: 6/6
  1411 | D:2      | Found a shattered altar of Ashenzari.
  2081 | D:2      | Reached skill level 5 in Dodging
  2565 | D:2      | spear plz
  2869 | D:3      | aaaaaaaaah can't kill a normal orc because it wears a chain mail
  2891 | D:3      | Reached XP level 4. HP: 25/30 MP: 3/7
  4115 | D:3      | Reached XP level 5. HP: 19/35 MP: 8/8
  4509 | D:2      | HP: 5/52 [scorpion (4)]
  4892 | D:3      | Found a faded altar to an unknown god.
  5305 | D:2      | they way i have to play this is just sad
  5305 | D:2      | might as well roll the god die
  5643 | D:3      | Became a worshipper of Gozag Ym Sagoz the Greedy
  5643 | D:3      | uh huh
  5643 | D:3      | i can see it working veeeeeeeery well
  5685 | D:3      | where's any polearm
  5685 | D:3      | plz
  5729 | D:4      | Noticed Blork the orc
  5731 | D:4      | blork literally has a glavie
  5731 | D:4      | *glaive
  5731 | D:4      | if only i could kill him in any feasible way
  5752 | D:3      | Learned a level 3 spell: Confuse
  5756 | D:3      | Learned a level 3 spell: Tukima's Dance
  5920 | D:4      | Noticed Sigmund
  5926 | D:4      | Killed Sigmund
  5926 | D:4      | Reached XP level 6. HP: 38/41 MP: 5/9
  6092 | D:4      | Reached skill level 1 in Polearms
  6328 | D:4      | Found a staircase to the Ecumenical Temple.
  6340 | D:4      | Noticed Mulkerokala's ghost (amateur FeFi)
  6352 | D:4      | >felid fighter
  6358 | D:3      | owwwww
  6358 | D:3      | fucking cat
  6649 | D:4      | it's you and me now, blork
  6671 | D:4      | Killed Blork the orc
  6672 | D:4      | e a s y
  6795 | D:3      | well then, time to lead this ogre down another level to the nearest water
  6795 | D:3      | i shoudl just quit already
  6827 | D:2      | >ouch!
  6904 | D:2      | Reached XP level 7. HP: 22/46 MP: 4/10
  7208 | D:3      | this is just ad
  7208 | D:3      | sad
  7208 | D:3      | xl 7, can't kill a worm
  7868 | D:4      | wand of hw
  7868 | D:4      | maybe all this early suffering will pay off...?
  7868 | D:4      | (like hell it will)
  8027 | D:5      | Entered Level 5 of the Dungeon
  8056 | D:5      | 1.4 delay :/
  8056 | D:5      | literally no other polearms than a scythe and a glaive
  8225 | D:5      | Reached skill level 5 in Polearms
  8599 | D:5      | Found Qeboene's General Store.
  8632 | D:5      | Bought a wand of disintegration (10/24) for 154 gold pieces
  8632 | D:5      | Bought a scroll of teleportation for 33 gold pieces
  8632 | D:5      | Bought a potion of curing for 33 gold pieces
  9646 | D:6      | Found a white marble altar of Elyvilon.
  9652 | D:6      | Reached XP level 8. HP: 52/52 MP: 11/11
  9942 | D:6      | tele wand
  9942 | D:6      | is this just teasing or will it actually go well
  9943 | D:6      | Gained mutation: Your mind is acute. (Int +2) [potion of mutation]
  9943 | D:6      | Gained mutation: You are robust (+10% HP). [potion of mutation]
  9943 | D:6      | Gained mutation: You are partially covered in rough black scales (AC +4, Dex -1). [potion of mutation]
  9944 | D:6      | Gained mutation: You are resistant to hostile enchantments. [potion of mutation]
  9944 | D:6      | Gained mutation: You regenerate slowly when monsters are visible. [potion of mutation]
  9944 | D:6      | Gained mutation: Your muscles are strong. (Str +2) [potion of mutation]
 10208 | D:7      | Reached skill level 10 in Polearms
 10331 | D:7      | Found Ukaoch's Assorted Antiques.
 10339 | D:7      | Bought a scroll labeled TUMEPE LURI for 28 gold pieces
 10339 | D:7      | Bought a scroll labeled TUMEPE LURI for 28 gold pieces
 10340 | D:7      | 2 scrolls of recharging for <60, nice
 10444 | D:7      | beeeeeeeeeees
 10727 | D:7      | Found a stormy altar of Qazlal.
 10735 | D:7      | Found a basalt altar of Yredelemnul.
 10738 | D:7      | Found a burning altar of Makhleb.
 10803 | D:7      | Found a sacrificial altar of Ru.
 10858 | D:7      | Found a runed door.
 10957 | D:7      | Reached XP level 9. HP: 61/63 MP: 12/12
 10972 | D:7      | Found a radiant altar of Vehumet.
 10972 | D:7      | Found a glowing golden altar of the Shining One.
 11009 | D:8      | Reached skill level 1 in Fighting
 11091 | D:8      | Found a glowing silver altar of Zin.
 11371 | D:8      | Found an ancient bone altar of Kikubaaqudgha.
 11404 | D:8      | Found a sand-covered staircase.
 11441 | Ossuary  | Entered an ossuary
 11441 | Ossuary  | Noticed Shredu92's ghost (novice VSAE)
 11456 | Ossuary  | Killed Shredu92's ghost
 11919 | D:8      | Found an opulent altar of Gozag.
 12445 | D:9      | Found a sparkling altar of Nemelex Xobeh.
 12456 | D:9      | Reached skill level 10 in Dodging
 12695 | D:9      | Reached XP level 10. HP: 56/78 MP: 13/13
 12971 | D:9      | Noticed Gastronok
 13392 | D:10     | Entered Level 10 of the Dungeon
 13430 | D:10     | Reached skill level 15 in Polearms
 13503 | D:10     | Reached skill level 5 in Fighting
 13898 | D:10     | Noticed an elephant
 14031 | D:10     | Found a staircase to the Lair.
 14242 | D:10     | Found a staircase to the Orcish Mines.
 14675 | D:11     | >distant snort
 14675 | D:11     | so i know where i'll die, nice
 14708 | D:11     | Noticed a kobold demonologist
 14716 | D:11     | Gained mutation: Your mind is very acute. (Int +4) [a neqoxec]
 14717 | D:11     | Gained mutation: You expend magic power (3 MP) to strengthen your wands. [a neqoxec]
 14720 | D:11     | Lost mutation: You are robust (+10% HP). [a neqoxec]
 14721 | D:11     | Killed a kobold demonologist
 14749 | D:11     | Bought the +2 leather armour of Mental Paralysis {rC+ Int+2 SInv} for 378 gold pieces
 14950 | D:11     | Found a labyrinth entrance.
 14965 | Lab      | Entered a labyrinth
 15345 | Lab      | yes, hungry ghosts with gozag in labyrinth
 15345 | Lab      | very fucking fun
 15347 | Lab      | Reached XP level 11. HP: 79/79 MP: 14/14
 15434 | Lab      | Noticed a minotaur
 15439 | Lab      | Killed a minotaur
 15472 | Lab      | Got a dazzling chain mail
 15475 | Lab      | Identified the cursed +0 chain mail of the Onion {SInv} (You took it off a minotaur in a labyrinth)
 15477 | Lab      | Identified a +5 rod of inaccuracy (10/10) (You found it in a labyrinth)
 15623 | D:11     | Noticed a hill giant
 15634 | D:11     | Killed a hill giant
 15634 | D:11     | Reached skill level 1 in Evocations
 16075 | D:11     | Found a basalt altar of Yredelemnul.
 16079 | D:11     | Noticed a manticore
 16095 | D:11     | Killed a manticore
 16419 | Orc:1    | Entered Level 1 of the Orcish Mines
 16556 | Orc:1    | Noticed Maurice
 16577 | Orc:1    | Killed Maurice
 17306 | Orc:2    | Entered Level 2 of the Orcish Mines
 17306 | Orc:2    | Noticed an orc sorcerer
 17317 | Orc:2    | Killed an orc sorcerer
 17527 | Orc:2    | Found a staircase to the Elven Halls.
 17596 | Orc:2    | Noticed an ogre mage
 17883 | D:10     | Noticed a hill giant
 18395 | D:12     | Found a basalt altar of Yredelemnul.
 18446 | D:12     | Reached XP level 12. HP: 63/86 MP: 15/15
 19563 | D:12     | Reached skill level 5 in Evocations
 19754 | D:13     | Noticed a centaur warrior
 20189 | D:13     | Noticed a five-headed hydra
 20523 | D:12     | Bought a faintly humming helmet for 351 gold pieces
 20523 | D:12     | Identified the +2 helmet "Jucoop" {rPois rF+ MR++ Str-5} (You bought it in a shop on level 12 of the Dungeon)
 20524 | D:12     | fuck off
 20751 | D:12     | Reached skill level 15 in Dodging
 20813 | D:13     | Killed a five-headed hydra
 21439 | D:13     | Found Ruxye's Gadget Shop.
 21952 | D:13     | Killed a centaur warrior
 21952 | D:13     | Reached XP level 13. HP: 47/94 MP: 17/19
 22783 | D:12     | Bought a pair of distressingly furry boots for 351 gold pieces
 22783 | D:12     | Identified the +3 pair of boots of the Sun {Dex+4} (You bought it in a shop on level 12 of the Dungeon)
 22798 | D:12     | 20/25 AC/EV
 22959 | D:13     | Bought a box of beasts for 240 gold pieces
 23589 | D:14     | Noticed a vault guard
 23623 | D:14     | Reached skill level 10 in Evocations
 23624 | D:14     | fucking phantasmal warriors man
 24181 | Orc:2    | Noticed Nessos
 24190 | Orc:2    | Killed Nessos
 24490 | Orc:2    | Reached skill level 20 in Polearms
 24501 | Orc:2    | Reached XP level 14. HP: 51/106 MP: 20/22
 24807 | Orc:2    | Found Pomics's Antique Armour Emporium.
 25214 | Orc:2    | Found Cuphuv's Antique Weapon Boutique.
 25241 | Orc:2    | Found Ufanero's Antique Weapon Boutique.
 25289 | Orc:2    | Found Viliux's Distillery.
 25352 | Orc:2    | Bought a pair of jewelled gloves for 266 gold pieces
 25362 | Orc:2    | Identified the +2 pair of gloves "Uqailyw" {rC+ Dex+3 SInv} (You bought it in a shop on level 2 of the Orcish Mines)
 25502 | D:12     | Bought the ring of the Median {rElec AC+2} for 408 gold pieces
 25616 | Elf:1    | Entered Level 1 of the Elven Halls
 25745 | D:15     | Entered Level 15 of the Dungeon
 26333 | D:14     | Found a gate to the Vaults.
 26545 | D:12     | Bought the amulet of Bogidd {Spirit rN+ Int+6} for 914 gold pieces
 26863 | D:15     | Reached skill level 10 in Fighting
 27152 | D:15     | are you fucking kidding me
 27152 | D:15     | bogarts + guardian serpent
 27152 | D:15     | maybe another time
 27248 | D:15     | Found Pessiriw's Food Shop.
 27288 | D:15     | food shop!
 27288 | D:15     | i'm saved
 27288 | D:15     | ha ha
 28066 | Elf:1    | Identified a scroll of acquirement
 28250 | Elf:1    | 3 scrolls of enchant weapon
 28250 | Elf:1    | THREE
 28250 | Elf:1    | thank devs for the stacks
 28464 | Elf:1    | these are some old tiles
 28506 | Elf:1    | Reached XP level 15. HP: 46/118 MP: 7/24
 28689 | Elf:1    | Noticed a deep elf elementalist
 28719 | Elf:1    | Killed a deep elf elementalist
 28913 | Elf:2    | Found Efyguv's Magic Scroll Shoppe.
 28923 | Elf:2    | Bought a scroll of identify for 42 gold pieces
 28923 | Elf:2    | Bought a scroll of identify for 42 gold pieces
 28923 | Elf:2    | Bought a scroll of enchant weapon for 157 gold pieces
 28923 | Elf:2    | Bought a scroll of identify for 42 gold pieces
 28923 | Elf:2    | Bought a scroll of enchant weapon for 157 gold pieces
 29134 | Elf:2    | Found a huge runed gate.
 29134 | Elf:2    | Found a huge runed gate.
 29134 | Elf:2    | Found a huge runed gate.
 29134 | Elf:2    | Found a huge runed gate.
 29134 | Elf:2    | Found a huge runed gate.
 29209 | Elf:2    | oops
 29244 | Elf:2    | distortion dancing weapon
 29365 | Elf:2    | Found a portal to a secret trove of treasure.
 29368 | Elf:2    | +7 demon whip for trove
 29545 | Elf:3    | Entered Level 3 of the Elven Halls
 29652 | Elf:3    | what i was doing (so i remember tomorrow):
 29652 | Elf:3    | - train evo, you have another box of beasts to buy and other evocables waiting in shop too
 29652 | Elf:3    | - get polearms to 26 for mindelay
 29652 | Elf:3    | - you have all resistances except rCorr, you can do elf:3 vault
 29652 | Elf:3    | - food shop is in deep dungeon if necessary
 29652 | Elf:3    | Upgraded the game from 0.18-a0-1526-gcb34c7c to 0.18-a0-1535-g243bd92
 29827 | Elf:3    | Noticed a deep elf sorcerer
 29836 | Elf:3    | Noticed Saint Roka
 29836 | Elf:3    | Killed a deep elf sorcerer
 29838 | Elf:3    | ...come on
 29838 | Elf:3    | as if this challenge wasn't hard enough alraedy
 30201 | Elf:3    | Killed Saint Roka
 30608 | Elf:3    | Noticed a deep elf sorcerer
 30647 | Elf:3    | Noticed a deep elf elementalist
 30648 | Elf:3    | Noticed a deep elf elementalist
 30675 | Elf:3    | Killed a deep elf elementalist
 30680 | Elf:3    | Gained mutation: You are clumsy. (Dex -2) [a neqoxec]
 30804 | Elf:3    | Noticed a deep elf elementalist
 30818 | Elf:2    | Killed a deep elf elementalist
 30992 | Elf:2    | Killed a deep elf sorcerer
 31003 | Elf:2    | Reached XP level 16. HP: 52/128 MP: 9/26
 31354 | Elf:3    | Noticed a deep elf blademaster
 31386 | Elf:3    | Killed a deep elf blademaster
 31414 | Elf:3    | Got a smoking glaive {vamp}
 31415 | Elf:3    | Identified the +9 glaive of Kauw {vamp, rElec Dex+5} (You took it off a deep elf knight on level 3 of the Elven Halls)
 31416 | Elf:3    | woah
 31416 | Elf:3    | but that's still a bardiche vs a glaive
 31648 | Elf:3    | Noticed a deep elf blademaster
 31676 | Elf:3    | Killed a deep elf blademaster
 32070 | Elf:3    | Got a slimy scythe {pain}
 32071 | Elf:3    | Identified the +4 scythe of Makhleb's Whim {pain, Int+2} (You found it on level 3 of the Elven Halls)
 32073 | Elf:3    | Got a jewelled plate armour
 32074 | Elf:3    | Identified the cursed +0 plate armour "Wulus" {rF+ Regen+} (You found it on level 3 of the Elven Halls)
 32279 | Elf:3    | Noticed a deep elf master archer
 32306 | Elf:3    | Got a warped chain mail
 32307 | Elf:3    | Identified the +11 chain mail of the Forgotten Beds {Regen+} (You took it off a deep elf high priest on level 3 of the Elven Halls)
 32308 | Elf:3    | nice, but not for this char
 32366 | Elf:3    | Noticed a deep elf master archer
 32395 | Elf:3    | Killed a deep elf master archer
 32486 | Elf:3    | Killed a deep elf master archer
 32769 | Elf:3    | Got a vibrating emerald amulet
 32773 | Elf:3    | Identified the amulet of Lyoluann {RegenMP MR++ Stlth+} (You took it off a deep elf mage on level 3 of the Elven Halls)
 33153 | Elf:3    | Reached XP level 17. HP: 88/134 MP: 16/27
 33354 | Elf:3    | poison magic manual
 33364 | Elf:3    | ooh, legendary deck of defence
 33425 | Elf:3    | Learned a level 6 spell: Haste
 33432 | Elf:3    | Learned a level 6 spell: Deflect Missiles
 33578 | Elf:3    | Reached skill level 1 in Charms
 33644 | Elf:3    | Noticed a sphinx
 33660 | Elf:3    | Killed a sphinx
 33874 | Elf:3    | no haste potions, only spell
 33936 | Elf:2    | Bought a scroll of enchant armour for 157 gold pieces
 33936 | Elf:2    | Bought a scroll of fog for 42 gold pieces
 34003 | Orc:2    | Bought a potion of might for 60 gold pieces
 34003 | Orc:2    | Bought a potion of might for 60 gold pieces
 34003 | Orc:2    | Bought a potion of magic for 120 gold pieces
 34003 | Orc:2    | Bought a potion of heal wounds for 75 gold pieces
 34003 | Orc:2    | Bought a potion of might for 60 gold pieces
 34003 | Orc:2    | Bought a potion of heal wounds for 75 gold pieces
 34165 | D:13     | Bought a box of beasts for 240 gold pieces
 34165 | D:13     | Bought a lamp of fire for 480 gold pieces
 34165 | D:13     | Bought a fan of gales for 480 gold pieces
 34228 | D:12     | Bought a faintly humming robe for 210 gold pieces
 34228 | D:12     | Bought a crude cloak for 351 gold pieces
 34228 | D:12     | Bought a bronze ring mail for 333 gold pieces
 34229 | D:12     | Identified the cursed -5 robe of Misfortune {-Cast *Contam *Tele EV-4 Str-2 Int-2 Dex-2 Stlth-- *Curse} (You bought it in a shop on level 12 of the Dungeon)
 34230 | D:12     | >>>
 34233 | D:12     | Identified the +2 cloak of the Commoners {rElec rF+++ rC- Stlth+} (You bought it in a shop on level 12 of the Dungeon)
 34343 | D:15     | Found a staircase to the Depths.
 34388 | D:15     | Noticed a quicksilver dragon
 34388 | D:15     | an iron troll changed into a quicksilver dragon
 34393 | D:15     | Noticed a sphinx
 34393 | D:15     | a sphinx changed into a frost giant
 34410 | D:15     | Noticed a caustic shrike
 34411 | D:15     | Noticed a quicksilver dragon
 34411 | D:15     | a caustic shrike changed into a quicksilver dragon
 34417 | D:15     | a quicksilver dragon changed into a shadow dragon
 34423 | D:15     | Noticed a golden dragon
 34423 | D:15     | a shadow dragon changed into a golden dragon
 34424 | D:15     | Noticed a juggernaut
 34424 | D:15     | a golden dragon changed into a juggernaut
 34429 | D:15     | fucking high HD shifter
 34429 | D:15     | jesus
 34672 | D:15     | caustic shrike, golden dragon, juggernaut
 34672 | D:15     | just fuck my shit up fam
 34784 | D:15     | Noticed a sphinx
 34784 | D:15     | an alligator snapping turtle changed into a sphinx
 34791 | D:15     | Killed a sphinx
 34803 | Depths:1 | Entered Level 1 of the Depths
 34803 | Depths:1 | Noticed a sphinx
 34804 | Depths:1 | 3 boggarts near the entrance, along with a flayed ghost
 34857 | Depths:1 | Killed a sphinx
 34964 | D:15     | Reached skill level 5 in Charms
 35081 | Depths:1 | i need to have haste decently castalb
 35081 | Depths:1 | *castable
 35217 | Depths:1 | yes, earth mage and crystal walls
 35217 | Depths:1 | fucking bullshit
 35282 | D:15     | and 1 of 2 blinks gone
 35282 | D:15     | fucking deep trolls
 35282 | D:15     | how the hell are you supposed to deal with that bullshit haste/might
 35724 | Depths:1 | Found a gateway to Hell.
 35782 | Hell     | Entered the Vestibule of Hell
 35782 | Hell     | Noticed Geryon
 36719 | D:15     | Bought a meat ration for 55 gold pieces
 36719 | D:15     | Bought a meat ration for 55 gold pieces
 36719 | D:15     | Bought a meat ration for 55 gold pieces
 36719 | D:15     | Bought a meat ration for 55 gold pieces
 36719 | D:15     | Bought a meat ration for 55 gold pieces
 36719 | D:15     | Bought a bread ration for 55 gold pieces
 36719 | D:15     | Bought a bread ration for 55 gold pieces
 36719 | D:15     | Bought a bread ration for 55 gold pieces
 36719 | D:15     | Bought a bread ration for 55 gold pieces
 36719 | D:15     | Bought a bread ration for 55 gold pieces
 36719 | D:15     | Bought a bread ration for 55 gold pieces
 36719 | D:15     | Bought a bread ration for 55 gold pieces
 36832 | Depths:1 | Reached XP level 18. HP: 141/141 MP: 24/29
 37008 | Depths:1 | Reached skill level 10 in Charms
 37225 | Depths:2 | Reached skill level 5 in Spellcasting
 37693 | Depths:1 | Identified the cursed +0 ring mail of Theory {*Confuse rElec rC- rN+++} (You bought it in a shop on level 12 of the Dungeon)
 37931 | Depths:1 | Found a corrupted altar of Lugonu.
 37950 | Depths:1 | Identified Lugonu's Guide on Evil
 37960 | Depths:1 | >Lugonu
 37960 | Depths:1 | hmmmmmmmmmmmmmmmmmmmmmmmmmmmmmmmmmmmmmm
 37960 | Depths:1 | "and monsters have a chance (based on HD vs player XL) to be hasted, mighted or berserked when coming into view"
 37960 | Depths:1 | ok maybe no
 38180 | Depths:1 | 14% on haste
 38239 | Depths:1 | wait where are the third stairs down
 38381 | Depths:1 | fuck
 38381 | Depths:1 | earth
 38381 | Depths:1 | mages
 38505 | Depths:2 | Noticed a golden dragon
 38508 | Depths:1 | >golden dragon
 38569 | Depths:2 | Noticed a titan
 38572 | Depths:2 | Noticed a lich
 38593 | Depths:2 | Killed a lich
 38603 | Depths:2 | Killed a titan
 38606 | Depths:2 | i'll get a heart attack here
 38653 | Depths:2 | Got a clouded copper ring
 38654 | Depths:2 | Identified the ring of Interdependent Arising {SustAt Dex+3} (You found it on level 2 of the Depths)
 38658 | Depths:2 | ring -mail
 38658 | Depths:2 | oops
 38658 | Depths:2 | but i'd like it to work
 38658 | Depths:2 | ring
 38658 | Depths:2 | god damn it i keep mistaking these functions
 38785 | Depths:1 | fuck deep trolls
 39051 | Depths:2 | Killed a golden dragon
 39054 | Depths:2 | okay, i can kill it 1on1
 39054 | Depths:2 | haste at 10
 39150 | Depths:2 | Found a one-way gate to the infinite horrors of the Abyss.
 39177 | Depths:2 | Noticed a tentacled monstrosity
 39233 | Depths:2 | Killed a tentacled monstrosity
 39402 | Depths:2 | Reached XP level 19. HP: 147/147 MP: 32/32
 39677 | Depths:2 | oh god spriggan berserkers hurt
 39826 | Depths:3 | open layout
 39826 | Depths:3 | gee fucking gee
 39826 | Depths:3 | in sight: 9 deep trolls, 2 hell knights, necromancer, shadow dragon, 3 boggarts
 39828 | Depths:2 | no idea how i'm going to do it
 39837 | Depths:2 | >wand of hasting in called shop
 39837 | Depths:2 | yesssssss
 39839 | Depths:2 | and rod of shadows but i can't switch out weapons
 39880 | Depths:3 | Found a one-way gate leading to the halls of Pandemonium.
 39955 | Depths:3 | fuck earth mages
 39955 | Depths:3 | fuck deep trolls
 39955 | Depths:3 | they ruin everything
 40027 | Depths:2 | another box of beasts, cool
 40047 | Depths:2 | Reached skill level 1 in Air Magic
 40296 | Depths:2 | btw, these are first javelins i found
 40296 | Depths:2 | imagine betting on throwing
 40296 | Depths:2 | how miserable would that be
 40296 | Depths:2 | depths:2, 8 javelins, 14 tomahawks
 40873 | Depths:2 | unlimited stairdance works
 40940 | Depths:2 | Bought a wand of hasting (5/9) for 1026 gold pieces
 41255 | Depths:3 | ok, got a foothold in here i think
 41427 | Depths:3 | Noticed Louise
 41443 | Depths:3 | Killed Louise
 42556 | Depths:3 | Reached skill level 5 in Air Magic
 42643 | Depths:3 | finding deep trolls in this green crystal maze won't be fun
 42720 | Depths:3 | Reached XP level 20. HP: 158/158 MP: 33/33
 42884 | Depths:2 | Reached skill level 15 in Evocations
 43073 | Depths:3 | Noticed a golden dragon
 43093 | Depths:3 | Killed a golden dragon
 43245 | Depths:4 | Noticed Wiglaf
 43456 | Depths:3 | i can never understand how *spriggans* can be so tough and hard to kill
 44207 | Depths:3 | Reached skill level 15 in Fighting
 44331 | Depths:4 | Noticed Sojobo
 44333 | Depths:4 | oh boy
 44347 | Depths:3 | Killed Wiglaf
 44406 | Depths:5 | Entered Level 5 of the Depths
 44547 | Depths:5 | oh yes, stack of 3 recharging scrolls
 44547 | Depths:5 | thanks
 45238 | Depths:4 | Reached XP level 21. HP: 160/170 MP: 32/34
 45327 | Depths:4 | Reached skill level 5 in Stealth
 45493 | Depths:4 | Noticed Mennas
 45555 | Depths:4 | Killed Mennas
 45683 | Depths:4 | wait
 45683 | Depths:4 | isn't this the same vault that killed my ghoul recently?
 45683 | Depths:4 | certainly looks similar
 45922 | Depths:4 | Killed Sojobo
 46028 | Depths:4 | Found a glowing golden altar of the Shining One.
 46042 | Depths:4 | Reached skill level 1 in Armour
 46549 | Depths:4 | Found a glowing golden altar of the Shining One.
 46571 | Depths:4 | Noticed a juggernaut
 46571 | Depths:4 | plz no
 46581 | Depths:4 | ok, we're aborting this NOW
 46742 | Depths:5 | Found Aruigy's Armour Shoppe.
 46748 | Depths:5 | +1 robe rN+ Regen+ MR+++... and -Tele
 46748 | Depths:5 | nope.jpg.png.tiff
 46914 | Depths:5 | Noticed a bone dragon
 46978 | Depths:5 | Killed a bone dragon
 47018 | Depths:5 | Noticed a bone dragon
 47043 | Depths:5 | Killed a bone dragon
 47060 | Depths:5 | Found a gateway to a ziggurat.
 47179 | Depths:5 | Reached skill level 10 in Stealth
 47191 | Depths:5 | Reached XP level 22. HP: 181/181 MP: 24/35
 47402 | Depths:5 | Found a gate to the Realm of Zot.
 47698 | Depths:5 | 16 evo and it doesn;t work, woo
 47701 | Depths:5 | wowowowowwo
 48215 | Depths:4 | how do i do abyss without regeneration
 48257 | Depths:4 | Voluntarily entered the Abyss.
 48258 | Abyss:1  | oh boy
 48317 | Abyss:2  | Found a shimmering altar of Xom.
 48379 | Abyss:2  | Found a shadowy altar of Dithmenos.
 48408 | Abyss:2  | Found a corrupted altar of Lugonu.
 48411 | Abyss:3  | okay, this was decently fast
 48818 | Abyss:3  | Found a corrupted altar of Lugonu.
 48828 | Abyss:3  | this fucking layout
 48848 | Abyss:3  | literally random noise
 48962 | Abyss:3  | >no device heal 2
 48962 | Abyss:3  | THANKS
 49246 | Abyss:3  | distortion rune vault
 49246 | Abyss:3  | probably impossible
 49374 | Abyss:3  | Got an abyssal rune of Zot
 49375 | Abyss:3  | fuck you
 49406 | Depths:4 | Escaped the Abyss
 49687 | Vaults:1 | Entered Level 1 of the Vaults
 50912 | Vaults:1 | Bought a scroll of fog for 30 gold pieces
 50912 | Vaults:1 | Bought a scroll of enchant weapon for 112 gold pieces
 50912 | Vaults:1 | Bought a scroll of fog for 30 gold pieces
 50912 | Vaults:1 | Bought a scroll of identify for 30 gold pieces
 50912 | Vaults:1 | Bought a scroll of enchant armour for 112 gold pieces
 51042 | Vaults:2 | Reached XP level 23. HP: 192/192 MP: 28/36
 51725 | Vaults:2 | Found a staircase to the Crypt.
 51889 | Vaults:2 | Found Deerr's Jewellery Emporium.
 51896 | Vaults:2 | +5 slay ring
 52364 | Vaults:2 | Bought a +5 ring of slaying for 2387 gold pieces
 53318 | Vaults:3 | Reached skill level 5 in Armour
 53350 | Vaults:3 | Reached skill level 27 in Polearms
 53824 | Vaults:4 | Found Hecs's Magic Scroll Emporium.
 53832 | Vaults:4 | Bought 2 scrolls of magic mapping for 112 gold pieces
 53832 | Vaults:4 | Bought a scroll of recharging for 152 gold pieces
 53832 | Vaults:4 | Bought a scroll of recharging for 152 gold pieces
 53832 | Vaults:4 | Bought a scroll of magic mapping for 56 gold pieces
 54610 | Vaults:4 | Reached XP level 24. HP: 202/202 MP: 36/36
 54718 | Vaults:4 | Reached skill level 20 in Dodging
 55441 | Vaults:5 | Entered Level 5 of the Vaults
 55559 | Vaults:4 | Reached skill level 20 in Fighting
 55802 | Vaults:5 | still no vault wardens in sight
 55802 | Vaults:5 | great start
 55966 | Vaults:4 | and first vault warden
 55970 | Vaults:4 | >shadow fiend
 55981 | Vaults:4 | gotta wait him out then
 56339 | Vaults:4 | two titans in sight
 56778 | Vaults:5 | Found Zen Ren's Distillery.
 56783 | Vaults:5 | Noticed Frederick
 56867 | Vaults:5 | Killed Frederick
 56980 | Vaults:5 | Reached XP level 25. HP: 213/213 MP: 36/36
 57046 | Vaults:5 | Found Suan's Distillery.
 57060 | Vaults:5 | Found Umirekki's Food Emporium.
 57070 | Vaults:5 | Bought 4 fruits for 60 gold pieces
 57070 | Vaults:5 | Bought a meat ration for 50 gold pieces
 57070 | Vaults:5 | Bought a royal jelly for 20 gold pieces
 57070 | Vaults:5 | Bought a fruit for 15 gold pieces
 57070 | Vaults:5 | Bought a slice of pizza for 15 gold pieces
 57070 | Vaults:5 | Bought a beef jerky for 15 gold pieces
 57070 | Vaults:5 | Bought a bread ration for 50 gold pieces
 57070 | Vaults:5 | Bought a slice of pizza for 15 gold pieces
 57083 | Vaults:5 | Found Tocvo's Magic Scroll Shop.
 57083 | Vaults:5 | Found Todghaeny's Food Emporium.
 57104 | Vaults:5 | Bought a scroll of magic mapping for 63 gold pieces
 57104 | Vaults:5 | Bought a scroll of identify for 36 gold pieces
 57104 | Vaults:5 | Bought a scroll of magic mapping for 63 gold pieces
 57192 | Vaults:5 | Found Buyqef's Food Shop.
 57192 | Vaults:5 | Found Lurits's Food Shoppe.
 57202 | Vaults:5 | Found Jaubol's Magic Scroll Boutique.
 57223 | Vaults:5 | literally gozag's worshipper's heaven
 57245 | Vaults:5 | Bought 3 scrolls of teleportation for 108 gold pieces
 57245 | Vaults:5 | Bought a scroll of identify for 24 gold pieces
 57245 | Vaults:5 | Bought a scroll of recharging for 114 gold pieces
 57245 | Vaults:5 | Bought a scroll of identify for 24 gold pieces
 57245 | Vaults:5 | Bought a scroll of fear for 42 gold pieces
 57245 | Vaults:5 | Bought a scroll of identify for 24 gold pieces
 57921 | Vaults:5 | Found Bali's Jewellery Shoppe.
 57930 | Vaults:5 | Got a silver rune of Zot
 57965 | Vaults:5 | Bought an uncursed ring of resist corrosion for 260 gold pieces
 58094 | Vaults:5 | Found Diricva Qehi's Antique Armour Shoppe.
 58096 | Vaults:5 | helo
 58096 | Vaults:5 | hello
 58137 | Vaults:5 | Noticed Jory
 58667 | Vaults:5 | Killed Jory
 58709 | Vaults:5 | Bought an encrusted ring mail for 234 gold pieces
 58714 | Vaults:5 | Identified the cursed +0 ring mail of the Hidden Vale {rC- rCorr Slay+2 SInv} (You bought it in a shop on level 5 of the Vaults)
 58795 | Vaults:5 | Found Moalleug's Antique Armour Shoppe.
 58799 | Vaults:5 | Bought a dull robe for 222 gold pieces
 58803 | Vaults:5 | Identified the cursed +1 robe of the Eleven Lives {rF+ MR+ Int-4} (You bought it in a shop on level 5 of the Vaults)
 58807 | Vaults:5 | also shield of resistance
 59440 | Hell     | i didn't move that way
 59443 | Hell     | ah, hell beasts
 59443 | Hell     | great
 60023 | Hell     | Killed Geryon
 60025 | Hell     | and fuck you
 60061 | Hell     | Found a gateway to the ashen valley of Gehenna.
 60172 | Hell     | Found a gateway to the decaying netherworld of Tartarus.
 60266 | Hell     | Found a gateway to the Iron City of Dis.
 60280 | Hell     | Found a gateway to the freezing wastes of Cocytus.
 61045 | Vaults:5 | Bought a potion of curing for 30 gold pieces
 61045 | Vaults:5 | Bought a potion of agility for 40 gold pieces
 61045 | Vaults:5 | Bought 2 potions of heal wounds for 100 gold pieces
 61045 | Vaults:5 | Bought a potion of curing for 30 gold pieces
 61045 | Vaults:5 | Bought a potion of invisibility for 80 gold pieces
 61045 | Vaults:5 | Bought a potion of might for 40 gold pieces
 61056 | Vaults:5 | Bought a potion of cure mutation for 550 gold pieces
 61056 | Vaults:5 | Bought a potion of agility for 88 gold pieces
 61056 | Vaults:5 | Bought a potion of agility for 88 gold pieces
 61056 | Vaults:5 | Bought a potion of curing for 66 gold pieces
 61056 | Vaults:5 | Bought a potion of heal wounds for 110 gold pieces
 61056 | Vaults:5 | Bought 2 potions of invisibility for 352 gold pieces
 61070 | Vaults:5 | Bought a scroll of teleportation for 54 gold pieces
 61070 | Vaults:5 | Bought a scroll of acquirement for 936 gold pieces
 61077 | Vaults:5 | randart shield from ?acq
 61114 | Vaults:5 | Bought a meat ration for 60 gold pieces
 61114 | Vaults:5 | Bought a meat ration for 60 gold pieces
 61114 | Vaults:5 | Bought a royal jelly for 24 gold pieces
 61114 | Vaults:5 | Bought a meat ration for 60 gold pieces
 61114 | Vaults:5 | Bought a beef jerky for 18 gold pieces
 61114 | Vaults:5 | Bought a bread ration for 60 gold pieces
 61114 | Vaults:5 | Bought a beef jerky for 18 gold pieces
 61432 | Tar:1    | Entered Level 1 of Tartarus
 61433 | Tar:1    | what can go wrong
 61646 | Tar:2    | Reached XP level 26. HP: 129/221 MP: 26/36
 63447 | Crypt:1  | Entered Level 1 of the Crypt
 63904 | Crypt:3  | Entered Level 3 of the Crypt
 64753 | Crypt:3  | Got an encrusted blowgun
 64754 | Crypt:3  | Identified the +6 blowgun "Esisaroo" {evade, Dex+4 Stlth+} (You took it off a vampire on level 3 of the Crypt)
 64895 | Crypt:3  | Noticed an ancient lich
 64903 | Crypt:3  | Killed an ancient lich
 65389 | Crypt:3  | Got a smoking steel ring
 65392 | Crypt:3  | Identified the ring "Cunoi" {+Inv rF+ rC+ rN+} (You took it off an ancient champion on level 3 of the Crypt)
 65393 | Crypt:3  | ooohooohohohoh
 65411 | Crypt:3  | Found a staircase to the Tomb.
 65413 | Crypt:3  | Noticed an ancient lich
 65426 | Crypt:3  | Killed an ancient lich
 65485 | Crypt:3  | Got a glittering turquoise ring
 65485 | Crypt:3  | Got a flickering lapis lazuli ring
 65485 | Crypt:3  | Got a transparent bronze ring
 65492 | Crypt:3  | Noticed an ancient lich
 65509 | Crypt:3  | Killed an ancient lich
 65539 | Crypt:3  | Identified the ring of Temptation {Fire Dex+2} (You found it on level 3 of the Crypt)
 65541 | Crypt:3  | Identified the ring "Niwutsak" {rN+ Dex+4} (You found it on level 3 of the Crypt)
 65543 | Crypt:3  | Identified the ring "Vegretet" {rN+ MR- Str+2 Int+3 SInv} (You found it on level 3 of the Crypt)
 65627 | Tomb:1   | Entered Level 1 of the Tomb of the Ancients
 66191 | Tomb:1   | Killed a greater mummy
 66404 | Tomb:1   | wait
 66404 | Tomb:1   | which are the enemies
 66404 | Tomb:1   | :D
 66409 | Tomb:1   | Noticed a greater mummy
 66562 | Tomb:1   | Killed a greater mummy
 66729 | Tomb:2   | Noticed a greater mummy
 66730 | Tomb:2   | Noticed a greater mummy
 66733 | Tomb:2   | Noticed a greater mummy
 66894 | Tomb:2   | Noticed a greater mummy
 66905 | Tomb:1   | Killed a greater mummy
 66905 | Tomb:1   | Reached XP level 27. HP: 187/233 MP: 32/36
 67078 | Tomb:1   | Killed a greater mummy
 67297 | Tomb:1   | Killed a greater mummy
 67575 | Tomb:2   | Killed a greater mummy
 67646 | Tomb:2   | Noticed Mara
 67646 | Tomb:2   | Noticed Mara
 67646 | Tomb:2   | Noticed Mara
 67682 | Tomb:2   | Paralysed by a Zot trap for 5 turns
 67692 | Tomb:1   | Noticed a greater mummy
 68198 | Tomb:2   | Killed a greater mummy
 68449 | Tomb:1   | Noticed a greater mummy
 68455 | Tomb:1   | Noticed a greater mummy
 68464 | Tomb:1   | Killed a greater mummy
 68472 | Tomb:1   | Noticed a greater mummy
 68476 | Tomb:1   | Killed a greater mummy
 68629 | Tomb:2   | Killed Mara
 68836 | Tomb:1   | Killed a greater mummy
 68857 | Tomb:1   | Noticed a greater mummy
 68879 | Tomb:1   | Killed a greater mummy
 69172 | Tomb:1   | Noticed a greater mummy
 69185 | Tomb:1   | Killed a greater mummy
 69576 | Tomb:1   | Noticed a greater mummy
 69581 | Tomb:1   | Noticed a greater mummy
 69628 | Tomb:1   | Killed a greater mummy
 69676 | Tomb:1   | Noticed a greater mummy
 69705 | Tomb:1   | Noticed a greater mummy
 70039 | Tomb:1   | Killed a greater mummy
 70039 | Tomb:1   | HP: 21/237 [torment (11)]
 70589 | Tomb:1   | Killed a greater mummy
 70953 | Tomb:1   | Noticed a greater mummy
 70961 | Tomb:1   | Noticed a greater mummy
 70963 | Tomb:1   | Noticed a greater mummy
 70976 | Tomb:1   | i'm trying to do it too fast
 71138 | Tomb:1   | Killed a greater mummy
 71487 | Tomb:1   | Killed a greater mummy
 71733 | Tomb:1   | Noticed a greater mummy
 71747 | Tomb:1   | Killed a greater mummy
 71845 | Tomb:1   | Killed a greater mummy
 71985 | Tomb:1   | Killed a greater mummy
 73534 | Tomb:2   | i'll never understand why tab doesn't prioritize summoners over summons
 73819 | Tomb:3   | Entered Level 3 of the Tomb of the Ancients
 73840 | Tomb:3   | Noticed a greater mummy
 73848 | Tomb:2   | Reached skill level 27 in Dodging
 74061 | Tomb:3   | Noticed a greater mummy
 74384 | Tomb:2   | Killed a greater mummy
 74814 | Tomb:3   | Noticed a greater mummy
 74831 | Tomb:2   | Killed a greater mummy
 75233 | Tomb:3   | Noticed a greater mummy
 75711 | Tomb:2   | Killed a greater mummy
 77119 | Tomb:3   | Killed a greater mummy
 78192 | Tomb:3   | Noticed a greater mummy
 78412 | Tomb:3   | Killed a greater mummy
 78868 | Tomb:3   | Noticed a greater mummy
 79226 | Tomb:3   | Killed a greater mummy
 79999 | Tomb:3   | Got a scorched lead amulet
 80000 | Tomb:3   | Identified the amulet "Xeycesoff" {Spirit rF+ rN+} (You found it on level 3 of the Tomb of the Ancients)
 80161 | Tomb:3   | Noticed a greater mummy
 80188 | Tomb:3   | Killed a greater mummy
 80765 | Tomb:3   | Learned a level 1 spell: Apportation
 80767 | Tomb:3   | Learned a level 1 spell: Summon Butterflies
 80780 | Tomb:3   | Learned a level 8 spell: Death's Door
 81021 | Tomb:3   | Noticed a greater mummy
 81037 | Tomb:3   | Killed a greater mummy
 81552 | Tomb:3   | Got a golden rune of Zot
 81610 | Tomb:3   | Noticed a greater mummy
 81628 | Tomb:3   | Killed a greater mummy
 83362 | Zot:1    | Entered Level 1 of the Realm of Zot
 83469 | Zot:1    | Got a jewelled scale mail
 83470 | Zot:1    | Identified the +1 scale mail of Anaesthesia {Int+6} (You found it on level 1 of the Realm of Zot)
 83703 | Zot:1    | Reached skill level 10 in Air Magic
 84156 | Zot:2    | Reached skill level 10 in Armour
 85831 | Zot:5    | Entered Level 5 of the Realm of Zot
 86412 | Zot:5    | Noticed an ancient lich
 86423 | Zot:5    | Killed an ancient lich
 86643 | Zot:5    | Noticed an ancient lich
 86755 | Zot:5    | Noticed an orb of fire
 86764 | Zot:5    | Noticed an orb of fire
 86764 | Zot:5    | Killed an ancient lich
 86766 | Zot:5    | Lost mutation: Your muscles are strong. (Str +2) [an orb of fire]
 86780 | Zot:5    | Gained mutation: Your magical capacity is low (-10% MP). [an orb of fire]
 86788 | Zot:5    | Killed an orb of fire
 86802 | Zot:5    | Killed an orb of fire
 87122 | Zot:5    | Noticed an orb of fire
 87122 | Zot:5    | Noticed an ancient lich
 87126 | Zot:5    | how can you even miscast summon butterflies
 87126 | Zot:5    | you have to really, really try
 87127 | Zot:5    | Gained mutation: You are weak. (Str -2) [an orb of fire]
 87133 | Zot:5    | Gained mutation: Your magical capacity is very low (-20% MP). [an orb of fire]
 87215 | Zot:5    | Reached skill level 27 in Fighting
 87215 | Zot:5    | Reached skill level 1 in Summonings
 87216 | Zot:5    | Noticed an ancient lich
 87229 | Zot:5    | Killed an ancient lich
 87457 | Zot:5    | Killed an ancient lich
 87609 | Zot:5    | Killed an orb of fire
 87609 | Zot:5    | Reached skill level 5 in Summonings
 87740 | Zot:5    | Noticed an orb of fire
 87749 | Zot:5    | Killed an orb of fire
 88044 | Zot:5    | that one blinking scroll will come in useful, i bet
 88058 | Zot:5    | Noticed an orb of fire
 88067 | Zot:5    | Noticed an orb of fire
 88082 | Zot:5    | Lost mutation: You regenerate slowly when monsters are visible. [an orb of fire]
 88088 | Zot:5    | Lost mutation: You expend magic power (3 MP) to strengthen your wands. [an orb of fire]
 88097 | Zot:5    | Killed an orb of fire
 88099 | Zot:5    | Gained mutation: Your spells are a little easier to cast, but a little less powerful. [an orb of fire]
 88108 | Zot:5    | Lost mutation: Your mind is very acute. (Int +4) [an orb of fire]
 88115 | Zot:5    | Killed an orb of fire
 88447 | Zot:5    | Noticed an ancient lich
 88459 | Zot:5    | Killed an ancient lich
 88459 | Zot:5    | Reached skill level 15 in Stealth
 88575 | Zot:5    | Noticed an orb of fire
 88577 | Zot:5    | quite a lot of them this time
 88605 | Zot:5    | Gained mutation: You are occasionally teleported next to monsters. [an orb of fire]
 88615 | Zot:5    | Noticed an ancient lich
 88618 | Zot:5    | Gained mutation: You occasionally shout uncontrollably at your foes. [an orb of fire]
 88635 | Zot:5    | Killed an orb of fire
 88652 | Zot:5    | Killed an ancient lich
 89077 | Zot:5    | Lost mutation: You are weak. (Str -2) [potion of cure mutation]
 89077 | Zot:5    | Lost mutation: You are occasionally teleported next to monsters. [potion of cure mutation]
 89077 | Zot:5    | Lost mutation: Your mind is acute. (Int +2) [potion of cure mutation]
 89077 | Zot:5    | Lost mutation: Your magical capacity is very low (-20% MP). [potion of cure mutation]
 89077 | Zot:5    | Lost mutation: You occasionally shout uncontrollably at your foes. [potion of cure mutation]
 89297 | Zot:5    | Lost mutation: Your magical capacity is low (-10% MP). [potion of cure mutation]
 89297 | Zot:5    | Lost mutation: You are resistant to hostile enchantments. [potion of cure mutation]
 89297 | Zot:5    | Lost mutation: Your spells are a little easier to cast, but a little less powerful. [potion of cure mutation]
 89310 | Zot:5    | Got the Orb of Zot
 89356 | Zot:5    | Noticed Rala the pandemonium lord
 89373 | Zot:5    | Killed Rala the pandemonium lord
 89380 | Zot:5    | Noticed Ralem the pandemonium lord
 89400 | Zot:5    | Killed Ralem the pandemonium lord
 89571 | Zot:4    | bye
 89850 | Depths:1 | Noticed Odoichonga the pandemonium lord
 89854 | Depths:1 | corrosion working on pan lords
 89854 | Depths:1 | stupid
 89867 | Depths:1 | Killed Odoichonga the pandemonium lord
 90025 | D:10     | Noticed Ruutapt the pandemonium lord
 90102 | D:9      | Killed Gastronok
 90372 | D:$      | Escaped with the Orb!

Vault maps used:
D:1:      saegor_arrival_simple_d
D:2:      ashenzari_altar_1, serial_park_tiny_pond, serial_bayou_pond_b,
          st_stairs_1, dk_noncrumbling_4
D:3:      ecumenical_altar_1
D:4:      kb_xom_exploding_sheep, temple_statues, first_bread, uniq_sigmund,
          uniq_blork_the_orc
D:5:      serial_shops, shop_fountains, serial_glass, glass_columns_c,
          glass_columns_a, due_unseen_surprise, item_on_display_b,
          minmay_strange_pillars, feat_on_display
D:6:      lemuel_crystal_altar
D:7:      nicolae_overflow_hidden_temple, overflow_temple_1_default,
          overflow_temple_1_default, minitemple, serial_shops,
          nicolae_shop_stone, lightli_church_of_beogh
D:8:      lemuel_round_altar, zin_scriptorium, basic_altar,
          nicolae_ossuary_entry_ruins
D:9:      nemelex_deck, uniq_gastronok
D:10:     david_lair_generic, erik_orc_1
D:11:     basic_altar, lab_entry_generic
D:12:     hangedman_fish_farm, yredelemnul_altar_generic
D:13:     serial_shops, nicolae_shop_trees
D:14:     david_vaults_4
D:15:     gammafunk_enter_depths_forms, serial_shops, shop,
          hangedman_abyss_or_decor_stabs
Orc:1:    uniq_maurice
Orc:2:    st_orc_open, uniq_nessos
Elf:1:    evilmike_minifort
Elf:2:    enter_trove_6, serial_shops, shop, serial_glass, glass_columns_a,
          glass_columns_a, hangedman_elf_power_crystal
Elf:3:    minmay_elf_hall_x, special_room, roderic_lattice_octagonal_star,
          uniq_saint_roka
Vaults:1: hangedman_vaults_river_flow, nicolae_vaults_rhombus_5,
          ontoclasm_vaults_ligature, grunt_vaults_bifocal,
          nicolae_vaults_quadrants, vaults_standard_mumra_enter_the_diamond,
          hangedman_vaults_stream, nicolae_vaults_rhombus_5
Vaults:2: v_misc_31, vaults_room_pools, blue_anna_dwarven_crypt,
          ontoclasm_vaults_loading_screen, nicolae_vaults_puzzle_piece,
          nicolae_vaults_little_ls, hangedman_vaults_variations,
          ontoclasm_vaults_gateway, st_cells, ontoclasm_vaults_eye,
          ontoclasm_vaults_pinch, vaults_mumra_hexcomb, vaults_dpeg_doors,
          vaults_dpeg_hooks, serial_shops, nicolae_shop_trees
Vaults:3: vaults_mumra_chevron_long, nicolae_vaults_three_branches,
          nicolae_vaults_diagonal_hallway_7, st_diamondy,
          nicolae_vaults_little_squares_1, vaults_room_pools
Vaults:4: ontoclasm_vaults_shuriken, v_pattern_3, dpeg_vaults_monster_box,
          ontoclasm_vaults_shout, nicolae_vaults_ring_of_whatevers,
          hangedman_vaults_restitches, nicolae_vaults_little_squares_3,
          ontoclasm_vaults_spin, v_misc_26, v_misc_26, serial_shops, shop_statue
Vaults:5: uniq_frederick, uniq_jory
Crypt:1:  grunt_ministairs_9, st_chilly_death
Crypt:2:  minmay_misc_feat_alley
Crypt:3:  quadcrypt_mu
Tomb:2:   uniq_mara
Depths:1: grunt_hell_entry_dis_grunt, tgw_lugonu_bribe, serial_bayou_shore_b,
          grunt_megastairs_2, serial_bayou_shore_a, firewood_loft,
          serial_bayou_shore_b, kennysheep_random_hallway
Depths:2: evilmike_cross, roderic_lattice_a, hell_entry,
          abyss_entry_small_statue_room, minmay_staircase_windowed_large,
          basic_stair_grate_trap
Depths:3: grunt_house_of_mirrors, hell_entry,
          nicolae_abyss_entry_one_way_or_another, kennysheep_donut, pan_entry,
          grunt_megastairs_4
Depths:4: hangedman_box_tower, pf_coc_iceberg, infiniplex_staircase_squiggle,
          minmay_room_of_horrors, grunt_ministairs_2, abandoned_shop,
          sword_in_stone, uniq_mennas
Depths:5: evilmike_zot_entry_diamond, enter_ziggurat_b, serial_shops, shop,
          nicolae_two_hexagons, hellmouth_1, abyss_entry_crystal
Zot:2:    grunt_megastairs_3
Zot:3:    nicolae_moth_party
Zot:4:    lemuel_elevator
Zot:5:    grunt_ministairs_12
Abyss:2:  guppyfry_abyss_exit_spiral_guarded
Abyss:3:  grunt_abyss_rune_sword_and_sorcery, eino_small_chamber_without_monster
Lab:      labyrinth_watery, nicolae_lab_statue, nicolae_lab_starburst,
          nicolae_lab_stuck, nicolae_lab_checkerboard, nicolae_lab_blocks,
          labyrinth_fake_exit
Ossuary:  minmay_ossuary_two_tombs

Skill      XL: |  1  2  3  4  5  6  7  8  9 10 11 12 13 14 15 16 17 18 19 20 21 22 23 24 25 26 27 |
---------------+----------------------------------------------------------------------------------+-----
Dodging        | 3 4 5 6 8 10 12 14 15 16 18 19 21 23 25 27 | 27.0
Polearms       | 4 8 12 14 16 18 20 22 24 25 26 27 | 27.0
Fighting       | 4 5 6 8 11 12 13 15 17 18 19 20 21 23 27 | 27.0
Evocations     | 3 8 10 12 13 14 15 16 19 | 19.5
Charms         | 9 12 | 12.8
Spellcasting   | 3 9 |  9.5
Air Magic      | 5 8 13 | 13.1
Stealth        | 4 10 12 13 14 17 | 17.0
Armour         | 3 4 6 8 9 12 | 12.4
Summonings     | 5 |  5.1
Short Blades   | |  1.2
Hexes          | |  3.0

Action                   |  1- 3 |  4- 6 |  7- 9 | 10-12 | 13-15 | 16-18 | 19-21 | 22-24 | 25-27 || total
-------------------------+-------+-------+-------+-------+-------+-------+-------+-------+-------++-------
Melee: Dagger            |   169 |   397 |   144 |       |       |       |       |       |       ||   710
       Unarmed           |       |    10 |       |       |       |       |       |       |       ||    10
       Glaive            |       |       |   401 |  1019 |   878 |       |       |       |       ||  2298
       Bardiche          |       |       |       |       |   340 |  1521 |  1843 |  2264 |  3862 ||  9830
Throw: Tomahawk          |       |       |       |       |    17 |    17 |       |       |       ||    34
       Javelin           |       |       |       |       |       |       |     7 |       |       ||     7
 Cast: Corona            |    22 |    17 |     5 |       |       |       |     1 |     3 |    46 ||    94
       Tukima's Dance    |       |     7 |       |     2 |     4 |       |       |       |       ||    13
       Confuse           |       |     4 |     7 |     1 |       |       |       |       |       ||    12
       Haste             |       |       |       |       |       |       |     3 |     4 |    24 ||    31
       Deflect Missiles  |       |       |       |       |       |       |     2 |       |     5 ||     7
Invok: Call Merchant     |       |       |       |     3 |       |       |     1 |     1 |       ||     5
       Bribe Branch      |       |       |       |       |       |       |       |       |     2 ||     2
Evoke: Wand              |       |       |     4 |     7 |    23 |     1 |     1 |     1 |    19 ||    56
       Deck              |       |       |     2 |       |     5 |     2 |       |       |     1 ||    10
       Rod               |       |       |       |       |     4 |       |       |       |       ||     4
       Box of beasts     |       |       |       |       |     2 |     1 |     2 |     4 |    13 ||    22
       Fan of gales      |       |       |       |       |       |     1 |     1 |     2 |     4 ||     8
       Disc of storms    |       |       |       |       |       |       |       |     5 |       ||     5
       Phial of floods   |       |       |       |       |       |       |       |     1 |     4 ||     5
       Lamp of fire      |       |       |       |       |       |       |       |     1 |     1 ||     2
  Use: Scroll            |     4 |       |    19 |    12 |    17 |    12 |     3 |     6 |    35 ||   108
       Potion            |       |     2 |     2 |     3 |     2 |     3 |     2 |     1 |     8 ||    23
 Stab: Sleeping          |    11 |     3 |    12 |     9 |    11 |     1 |     7 |    48 |    34 ||   136
       Confused          |       |     1 |     4 |       |     5 |       |       |       |     3 ||    13
       Distracted        |       |       |     7 |    15 |    12 |    23 |    29 |    42 |    53 ||   181
       Paralysed         |       |       |       |       |     3 |       |       |       |       ||     3
       Betrayed ally     |       |       |       |       |       |       |       |       |     2 ||     2
  Eat: Chunk             |     5 |     9 |       |       |       |       |       |       |       ||    14
       Beef jerky        |     1 |       |     3 |     2 |     2 |     1 |       |     2 |     3 ||    14
       Bread ration      |       |     2 |     3 |     5 |     6 |     1 |     6 |     5 |     9 ||    37
       Fruit             |       |       |       |     6 |       |       |       |     7 |    16 ||    29
       Pizza             |       |       |       |     1 |     1 |       |       |     1 |     3 ||     6
       Royal jelly       |       |       |       |     1 |       |       |     2 |     2 |    15 ||    20
       Meat ration       |       |       |       |       |     1 |     4 |       |       |     8 ||    13
